 Dungeon Crawl Stone Soup version 0.28.0-1-gb440e238dd (webtiles) character file.

Game seed: 15009133135734606116

242 fknight the Chopper (level 6, -6/53 HPs)
             Began as a Hill Orc Monk on Feb 23, 2022.
             Was a Believer of Beogh.
             Mangled by a black bear (11 damage)
             ... on level 4 of the Dungeon.
             The game lasted 00:15:09 (4640 turns).

fknight the Chopper (Hill Orc Monk)                 Turns: 4640, Time: 00:15:12

Health: -6/53      AC: 11    Str: 16    XL:     6   Next: 9%
Magic:  8/8        EV:  0    Int: 10    God:    Beogh [**....]
Gold:   82         SH: 10    Dex: 13    Spells: 5/5 levels left

rFire   . . .      SeeInvis .   a - +0 hand axe
rCold   + . .      Faith    .   l - +0 tower shield
rNeg    . . .      Spirit   .   k - +0 plate armour
rPois   .          Reflect  .   (no helmet)
rElec   .          Harm     .   h - +0 cloak
rCorr   +          Rampage  .   (no gloves)
Will    .....                   (no boots)
Stlth   ..........              (no amulet)
HPRegen 0.17/turn               d - ring of resist corrosion
MPRegen 0.11/turn               m - ring of protection from cold

@: no status effects
A: no striking features
a: Renounce Religion, Smiting


You were on level 4 of the Dungeon.
You worshipped Beogh.
Beogh was pleased with you.
You visited 1 branch of the dungeon, and saw 4 of its levels.

You collected 82 gold pieces.

Inventory:

Hand Weapons
 a - a +0 hand axe (weapon)
 j - a +0 hunting sling
 n - a +0 dagger of electrocution
 q - a +0 dagger of draining
Missiles
 c - 203 stones (quivered)
Armour
 h - a +0 cloak (worn)
 i - a +1 ring mail of fire resistance
 k - a +0 plate armour (worn)
 l - a +0 tower shield (worn)
Jewellery
 d - a ring of resist corrosion (left hand)
 g - a ring of resist corrosion
 m - a ring of protection from cold (right hand)
Wands
 r - a wand of polymorph (9)
Scrolls
 s - a scroll of blinking
Potions
 b - a potion of degeneration {unknown}
 e - 2 potions of ambrosia
 f - a potion of flight {unknown}
 o - a potion of brilliance {unknown}
 p - a potion of haste {unknown}
 t - a potion of resistance {unknown}


   Skills:
 + Level 4.7 Fighting
 + Level 5.3 Axes
 + Level 3.2 Dodging
 + Level 2.8 Stealth
 + Level 3.1 Invocations


You had 5 spell levels left.
You didn't know any spells.
Your spell library contained the following spells:

 Spells                   Type           Power      Damage    Failure   Level
 Gell's Gravitas          Tloc           0%         N/A       100%        3
 Lesser Beckoning         Tloc           0%         N/A       100%        3
 Teleport Other           Tloc           0%         N/A       100%        3


Dungeon Overview and Level Annotations

Branches:
Dungeon (4/15)
 Temple: D:4-7

Altars:
Dithmenos
Xom


Message History

The black bear is almost dead.
The black bear goes berserk!
You block the black bear's attack.
The black bear claws you but does no damage.
The black bear claws you.
You hit the black bear but do no damage.
The black bear is almost dead.
The black bear bites you.
The black bear claws you but does no damage.
You block the black bear's attack.
The black bear bites you but does no damage.
You block the black bear's attack. The black bear claws you.
You closely miss the black bear.
The black bear is almost dead.
The black bear bites you. You block the black bear's attack.
The black bear claws you. You block the black bear's attack.
The black bear claws you. x2
You hit the black bear.
The black bear is almost dead.
The black bear bites you but does no damage.
The black bear completely misses you. You block the black bear's attack.
The black bear bites you but does no damage.
You block the black bear's attack. The black bear claws you.
* * * LOW HITPOINT WARNING * * *
The black bear bites you but does no damage.
You block the black bear's attack. The black bear completely misses you.
You closely miss the black bear.
The black bear is almost dead.
You block the black bear's attack.
The black bear claws you but does no damage.
You block the black bear's attack. The black bear bites you!
* * * LOW HITPOINT WARNING * * *
The black bear claws you but does no damage. x2
You closely miss the black bear.
The black bear is almost dead.
You block the black bear's attack. The black bear claws you.
* * * LOW HITPOINT WARNING * * *
The black bear claws you.
* * * LOW HITPOINT WARNING * * *
The black bear bites you!
You die...

≈≈≈..#.## #..#
≈≈≈≈.#..###..### ###
≈≈≈≈.##........###.#
≈≈≈≈.#....####...#.#
≈≈≈≈......#
###..####
≈≈≈...##..# ###.#.#
≈....# ##.# ##..##
..... #.# ##...#
.... ... #@##.# ....
##....(h####.#
#(..... .# ##.....
.. #..... ### #.....
#..#... ..##...


You could see a black bear (berserk).

Vanquished Creatures
  An ogre (D:4)
  A scorpion (D:4)
  2 adders (D:2)
  3 worms (D:2)
  2 dart slugs
  4 orcs
  A ball python (D:3)
  3 bats
  8 endoplasms
  3 giant cockroaches
  7 goblins
  5 hobgoblins
  4 jackals
  6 kobolds
  A frilled lizard (D:1)
  6 rats
57 creatures vanquished.

Vanquished Creatures (others)
  A hobgoblin (D:4)
1 creature vanquished.

Grand Total: 58 creatures vanquished

Notes
Turn   | Place    | Note
-------+----------+-------------------------------------------
     0 | D:1      | fknight the Hill Orc Monk began the quest for the Orb.
     0 | D:1      | Reached XP level 1. HP: 19/19 MP: 1/1
   102 | D:1      | Found a faded altar of an unknown god.
   148 | D:1      | Reached XP level 2. HP: 27/27 MP: 2/2
   439 | D:1      | Reached skill level 1 in Invocations
   708 | D:1      | Reached XP level 3. HP: 27/33 MP: 3/3
  1846 | D:2      | Reached XP level 4. HP: 32/40 MP: 5/5
  3240 | D:3      | Found a shadowy altar of Dithmenos.
  3840 | D:4      | Became a worshipper of Beogh the Brigand
  3840 | D:4      | Reached * piety under Beogh
  3840 | D:4      | Reached ** piety under Beogh
  4067 | D:4      | Noticed a scorpion
  4081 | D:4      | Killed a scorpion
  4082 | D:4      | Reached skill level 5 in Axes
  4082 | D:4      | Reached XP level 5. HP: 43/47 MP: 6/6
  4221 | D:4      | Found a shimmering altar of Xom.
  4240 | D:4      | Noticed an ogre
  4250 | D:4      | Killed an ogre
  4251 | D:4      | Reached XP level 6. HP: 23/53 MP: 6/8
  4620 | D:4      | Noticed a black bear
  4640 | D:4      | Mangled by a black bear

Illustrated notes

Levels and vault maps discovered:
D:1:      saegor_arrival_simple_d, layout_loops_cross,
          shapermc_ecumenical_altar_starsandcircs, minmay_misc_feat_square,
          serial_park_tiny_1
D:2:      layout_basic
D:3:      layout_loops_ring, nicolae_overflow_hidden_temple,
          serial_bayou_crossing
D:4:      layout_layer_cave, kennysheep_mini, temple_pool_b,
          ebering_ghost_disaster_area

Skill      XL: |  1  2  3  4  5 |
---------------+----------------+-----
Invocations    | 1 2 3 |  3.1
Stealth        | 2 |  2.8
Fighting       | 4 |  4.7
Axes           | 5 |  5.3
Dodging        | 3 |  3.2

Action                   |  1- 3 |  4- 6 || total
-------------------------+-------+-------++-------
Melee: Hand axe          |   102 |    75 ||   177
       Dagger            |       |    10 ||    10
 Fire: Hunting sling     |       |    51 ||    51
Throw: Stone             |    67 |     7 ||    74
Invok: Convert to Beogh  |       |     1 ||     1
  Use: Scroll            |     3 |     2 ||     5
 Stab: Sleeping          |     1 |       ||     1
Armor: Robe              |    15 |     1 ||    16
       Plate armour      |       |    76 ||    76
Dodge: Dodged            |    61 |     6 ||    67
Block: Tower shield      |       |    46 ||    46
